 Dungeon Crawl Stone Soup version 0.30.0-5-g1a98f26d00 (webtiles) character file.

Game seed: 13817903529270144425

170 cheesebisquit the Spear-Bearer (level 5, 0/32 (34) HPs)
             Began as a Merfolk Gladiator on May 8, 2023.
             Slain by a wight
             ... wielding a +4 battleaxe
              (7 damage)
             ... on level 4 of the Dungeon.
             The game lasted 00:07:11 (1772 turns).

cheesebisquit the Spear-Bearer (Merfolk Gladiator)  Turns: 1772, Time: 00:07:11

HP:   0/32 (34)     AC: 10    Str: 16    XL:     5   Next: 50%
MP:   5/5           EV: 13    Int:  8    God:
Gold: 116           SH:  0    Dex: 15    Spells: 4/4 levels left

rFire   + . .        a - +1 trident
rCold   + + .        (no shield)
rNeg    + . .        h - +0 chain mail
rPois   +            c - +0 helmet
rElec   +            (no cloak)
rCorr   +            (no gloves)
SInv    .            m - +0 pair of boots
Will    +....        (no amulet) Stlth
                     j - +5 ring of evasion
HPRegen 0.25/turn    t - ring "Faugo Cato" {rC+ rN+ Will+ rCorr}
MPRegen 0.09/turn

%: no passive effects
@: brilliant, resistant, on berserk cooldown, slowed, drained, unable to read,
very slow
A: (nimble swimmer 2), mertail, frail 1, inability to read after injury 1
a: no special abilities


You were on level 4 of the Dungeon.
You visited 1 branch of the dungeon, and saw 4 of its levels.

You collected 116 gold pieces.

Inventory:

Hand Weapons
 a - a +1 trident (weapon)
Missiles
 d - 3 throwing nets (quivered)
 e - a javelin
Armour
 c - a +0 helmet (worn)
 h - a +0 chain mail (worn)
 m - a +0 pair of boots (worn)
Jewellery
 j - a +5 ring of evasion (left hand)
 t - the ring "Faugo Cato" (right hand) {rC+ rN+ Will+ rCorr}
   (You found it on level 2 of the Dungeon)

   [ring of willpower]

   rC:        It protects you from cold.
   rN:        It protects you from negative energy.
   rCorr:     It protects you from acid and corrosion.
   Will:      It increases your willpower.
Scrolls
 r - a scroll of immolation {unknown}
 u - a scroll of fear {unknown}


   Skills:
 - Level 2.1 Fighting
 + Level 8.0 Polearms
 - Level 2.0 Throwing
 - Level 4.0 Dodging


You had 4 spell levels left.
You didn't know any spells.
Your spell library was empty.

Dungeon Overview and Level Annotations

Branches:
Dungeon (4/15)
 Temple: D:4-7

Altars:


Innate Abilities, Weirdness & Mutations

((You are very nimble when in or above water. (Stealth+, EV+, Speed+++)))
Your lower body shifts to a powerful aquatic tail in water.
You are frail. (-10% HP)
You occasionally lose the ability to read scrolls when taking damage.


Message History

The endoplasm is attracted toward you.
You are too berserk!
You feel a strong urge to attack something.
The wight is attracted toward you. x2; The orc is attracted toward you.
The orc wizard is attracted toward you.
The wight hits you with a +2 vampiric long sword.
You feel your anger nearly subside.
You are no longer berserk.
You are exhausted.
You feel yourself slow down. The endoplasm closely misses you.
The orc is attracted toward you. The wight attacks as you move away!
The wight misses you. The wight attacks as you move away! The wight misses you.
The wight barely misses you. The wight closely misses you.
The orc wizard is attracted toward you.
The orc wizard mumbles some strange words.
The orc wizard flickers and vanishes!
Deactivating autopickup; reactivate with Ctrl-A.
Something is attracted toward you. The endoplasm is attracted toward you.
The wight attacks as you move away! The wight barely misses you.
The wight completely misses you.
A goblin comes into view. It is wielding a +0 dagger.
The goblin shouts!
You hear a shout! x2
The goblin is attracted toward you.
Okay, then.
It was a potion of resistance.
You feel protected. The goblin barely misses you.
The wight completely misses you.
A kobold comes into view.
It is wielding a +0 dagger of speed and quivering poisoned darts.
The wight hits you with a +2 vampiric long sword!
You feel threatened and lose the ability to read scrolls!
* * * LOW HITPOINT WARNING * * *
You partially resist.
You feel drained. The wight hits you but does no damage.
The goblin hits you with a +0 dagger.
* * * LOW HITPOINT WARNING * * *
The wight closely misses you. Something is attracted toward you.
The kobold is attracted toward you.
You feel less attractive to monsters.
It was a potion of brilliance.
You feel clever all of a sudden. The goblin hits you but does no damage.
The wight hits you with a +4 battleaxe!
You die...

#......................
#.............§........
#...§..............$...
#....#.................
#....#.............!...
#....#........<......##
#..§J##.....§. .....#
#....z##K.....
#...oz@g##.. #....##.#
###### .# .# .# .# .#
.#


You could see 2 wights, an orc, an endoplasm, a goblin and a kobold.

Vanquished Creatures
  3 hounds
  2 adders (D:2)
  2 worms (D:2)
  4 orcs (D:3)
  4 bats
  5 endoplasms
  A giant cockroach (D:3)
  2 goblins (D:1)
  5 hobgoblins
  3 jackals
  2 quokkas (D:2)
  6 ball pythons
  A frilled lizard (D:2)
  6 kobolds
  6 rats
52 creatures vanquished.

Notes
Turn   | Place    | Note
-------+----------+-------------------------------------------
     0 | D:1      | cheesebisquit the Merfolk Gladiator began the quest for the
                  | Orb.
     0 | D:1      | Reached XP level 1. HP: 16/16 MP: 1/1
   137 | D:1      | Reached XP level 2. HP: 16/22 MP: 2/2
   227 | D:1      | Reached skill level 5 in Polearms
   486 | D:1      | Found a faded altar of an unknown god.
   593 | D:2      | Reached XP level 3. HP: 27/27 MP: 3/3
   820 | D:2      | You fall into a shaft and drop 1 floor!
   934 | D:3      | Reached skill level 6 in Polearms
  1247 | D:2      | Reached XP level 4. HP: 23/33 MP: 4/4
  1288 | D:2      | Identified the ring "Faugo Cato" {rC+ rN+ Will+ rCorr}
  1503 | D:3      | Reached skill level 7 in Polearms
  1736 | D:4      | Reached XP level 5. HP: 32/38 MP: 5/5
  1742 | D:4      | Gained mutation: You are frail. (-10% HP) [potion of
                  | mutation]
  1742 | D:4      | Gained mutation: You occasionally lose the ability to read
                  | scrolls when taking damage. [potion of mutation]
  1757 | D:4      | Noticed a black bear
  1762 | D:4      | Reached skill level 8 in Polearms
  1772 | D:4      | Slain by a wight

Illustrated notes

Levels and vault maps discovered:
D:1:      lightli_arrival_windingriver, layout_rooms,
          dreamdust_ecumenical_altar_hidden_monk_grotto, kennysheep_flooded_box
D:2:      layout_loops_ring, grunt_ministairs_10, nicolae_figureground_pulse
D:3:      layout_basic
D:4:      layout_rooms, minmay_surrounded

Skill      XL: |  1  2  3  4  5 |
---------------+----------------+-----
Polearms       | 5 6 7 8 |  8.0
Fighting       | |  2.1
Throwing       | |  2.0
Dodging        | |  4.0

Action                     |  1- 3 |  4- 6 || total
---------------------------+-------+-------++-------
  Melee: Trident           |   115 |    62 ||   177
    Use: Scroll            |       |     9 ||     9
         Potion            |       |     6 ||     6
 Armour: Chain mail        |    45 |    69 ||   114
         Leather armour    |     5 |       ||     5
  Dodge: Dodged            |    51 |   127 ||   178
